Warning! The script has encountered some errors when parsing the replay. Please report them to the . » details
0x00, prev: 0x16: 16 02 01 00 87 3D 00 00 DC 8C 00 00 [00] 00 00 00 00 00 00 00 00 00 00 00 00 00 00 00 00 00 00 00 00 00 00 00 03 00
0x00, prev: 0x00: 16 02 01 00 87 3D 00 00 DC 8C 00 00 00 00 00 00 00 00 00 00 00 00 00 00 00 00 00 00 00 00 00 00 00 00 [00] 00 03 00
General information
- name: BNet
- type: Ladder team game (AT/RT)
- host: Battle.net
- saver: Mongolians
map: TurtleRock
- players: 4
- length: 22:29
- speed: Fast
- version: 1.23 W3XP
- replay type: Public
» download(80 KB)
Players
team 1 (loser)
Cr4ZY[XGErX (
teal | 53 APM | 1172 actions | 22:16)
3 Blademaster
2 Wind Walk
1 Critical Strike
» actions
| Assign group hotkey | 33 | |
| Build / train | 70 | |
| Enter build submenu | 24 | |
| Enter hero's abilities submenu | 3 | |
| Remove unit from queue | 1 | |
| Right click | 654 | |
| Select / deselect | 311 | |
| Select group hotkey | 41 | |
| Use ability | 34 | |
1172 total
» units
| Peon | 18 | |
| Grunt | 2 | |
| Troll Headhunter/Berserker | 26 | |
| Wind Rider | 2 | |
| Shaman | 7 | |
55 total
» upgrades
| Armor | 2 | |
| Ranged Weapons | 3 | |
| Shaman Training | 2 | |
| Berserker Upgrade | 1 | |
8 total
» buildings
| Altar of Storms | 1 | |
| Orc Burrow | 6 | |
| Barracks | 1 | |
| War Mill | 2 | |
| Voodoo Lounge | 1 | |
| Watch Tower | 5 | |
| Stronghold | 1 | |
| Beastiary | 1 | |
| Fortress | 1 | |
| Spirit Lodge | 1 | |
| Great Hall | 1 | |
21 total
» build order
00:09 Altar of Storms
00:13 Orc Burrow
00:42 Barracks
01:17 Orc Burrow
01:54 War Mill
03:39 Voodoo Lounge
03:52 Watch Tower
04:54 Watch Tower
05:00 Orc Burrow
05:12 Stronghold
07:05 Watch Tower
07:09 Watch Tower
08:15 Orc Burrow
09:17 Watch Tower
10:10 War Mill
11:13 Beastiary
12:41 Fortress
13:48 Spirit Lodge
14:28 Orc Burrow
18:46 Orc Burrow
19:51 Great Hall
» items
GeRmAn_MaStEr (
blue | 28 APM | 633 actions | 22:26)
2 Demon Hunter
1 Immolation
1 Evasion
» actions
| Assign group hotkey | 8 | |
| Build / train | 62 | |
| Enter build submenu | 22 | |
| Enter hero's abilities submenu | 2 | |
| Remove unit from queue | 1 | |
| Right click | 249 | |
| Select / deselect | 255 | |
| Select group hotkey | 2 | |
| Use ability | 32 | |
633 total
» units
| Wisp | 24 | |
| Archer | 6 | |
| Huntress | 2 | |
| Dryad | 6 | |
| Druid of the Claw | 3 | |
| Hippogryph | 6 | |
47 total
» upgrades
| Ultravision | 1 | |
| Strength of the Wild | 3 | |
| Reinforced Hides | 2 | |
| Druid of the Claw Training | 2 | |
8 total
» buildings
| Altar of Elders | 1 | |
| Moon Well | 7 | |
| Ancient of War | 1 | |
| Hunter's Hall | 1 | |
| Ancient Protector | 3 | |
| Tree of Ages | 1 | |
| Ancient of Lore | 2 | |
| Tree of Eternity | 1 | |
| Ancient of Wonders | 1 | |
| Ancient of Wind | 1 | |
| Tree of Life | 2 | |
21 total
» build order
00:05 Altar of Elders
00:09 Moon Well
00:24 Ancient of War
01:37 Moon Well
03:03 Moon Well
03:37 Hunter's Hall
05:00 Ancient Protector
05:29 Tree of Ages
08:14 Ancient of Lore
08:17 Ancient of Lore
08:40 Moon Well
09:23 Ancient Protector
10:00 Tree of Eternity
12:55 Moon Well
13:13 Moon Well
13:36 Ancient Protector
14:43 Ancient of Wonders
16:12 Ancient of Wind
16:55 Moon Well
20:11 Tree of Life
20:32 Tree of Life
» items
team 2 (winner)

»
EuroPaeans (
green | 49 APM | 221 actions | 04:33)
1 Blademaster
1 Wind Walk
» actions
| Assign group hotkey | 14 | |
| Basic commands | 11 | |
| Build / train | 23 | |
| Enter build submenu | 8 | |
| Enter hero's abilities submenu | 1 | |
| Right click | 91 | |
| Select / deselect | 39 | |
| Select group hotkey | 20 | |
| Use ability | 14 | |
221 total
» units
» buildings
| Altar of Storms | 1 | |
| Orc Burrow | 2 | |
| War Mill | 1 | |
| Voodoo Lounge | 1 | |
| Watch Tower | 3 | |
| Stronghold | 7 | |
15 total
» build order
00:12 Altar of Storms
00:21 Orc Burrow
00:27 War Mill
01:33 Voodoo Lounge
01:49 Watch Tower
01:55 Watch Tower
02:31 Orc Burrow
03:25 Stronghold
03:27 Stronghold
03:46 Watch Tower

»
Mongolians (
orange | 75 APM | 1690 actions | 22:29)
5 Archmage
3 Blizzard
2 Brilliance Aura
5 Blademaster
2 Critical Strike
2 Wind Walk
1 Bladestorm
» actions
| Assign group hotkey | 29 | |
| Basic commands | 27 | |
| Build / train | 97 | |
| ESC pressed | 4 | |
| Enter build submenu | 59 | |
| Enter hero's abilities submenu | 11 | |
| Give item / drop item | 6 | |
| Right click | 612 | |
| Select / deselect | 200 | |
| Select group hotkey | 459 | |
| Use ability | 186 | |
1690 total
» units
| Peasant | 14 | |
| Troll Batrider | 13 | |
| Mortar Team | 5 | |
| Sorceress | 4 | |
36 total
» upgrades
| Liquid Fire | 1 | |
| Fragmentation Shards | 1 | |
| Ranged Weapons | 3 | |
| Sorceress Training | 2 | |
| Reinforced Defenses | 1 | |
| Masonry | 1 | |
| Armor | 2 | |
| Gunpowder | 2 | |
| Flare | 1 | |
| Magic Sentry | 1 | |
15 total
» buildings
| Altar of Kings | 1 | |
| Farm | 7 | |
| Lumber Mill | 1 | |
| Scout Tower | 15 | |
| Arcane Tower | 2 | |
| Guard Tower | 7 | |
| Keep | 1 | |
| Watch Tower | 21 | |
| Blacksmith | 1 | |
| Beastiary | 2 | |
| Fortress | 1 | |
| Castle | 1 | |
| Workshop | 2 | |
| Voodoo Lounge | 1 | |
| Orc Burrow | 4 | |
| Arcane Sanctum | 1 | |
| Arcane Vault | 2 | |
| Great Hall | 1 | |
71 total
» build order
00:15 Altar of Kings
00:18 Farm
00:25 Lumber Mill
00:53 Scout Tower
01:20 Farm
01:26 Arcane Tower
01:59 Scout Tower
02:07 Scout Tower
02:13 Scout Tower
02:14 Scout Tower
02:34 Arcane Tower
02:37 Guard Tower
02:48 Guard Tower
03:01 Guard Tower
03:35 Scout Tower
03:36 Scout Tower
04:16 Keep
04:35 Guard Tower
04:41 Scout Tower
04:42 Scout Tower
04:44 Scout Tower
04:45 Scout Tower
04:54 Watch Tower
05:08 Blacksmith
05:25 Guard Tower
06:01 Beastiary
06:03 Beastiary
06:38 Fortress
06:40 Guard Tower
06:42 Castle
06:45 Workshop
07:01 Voodoo Lounge
08:59 Watch Tower
09:00 Watch Tower
09:49 Orc Burrow
09:49 Orc Burrow
09:58 Arcane Sanctum
10:03 Workshop
10:06 Farm
10:06 Farm
11:17 Orc Burrow
11:18 Orc Burrow
11:20 Watch Tower
11:21 Watch Tower
11:45 Farm
12:32 Farm
12:33 Farm
12:38 Scout Tower
12:39 Scout Tower
12:40 Scout Tower
12:40 Scout Tower
14:30 Guard Tower
15:15 Watch Tower
15:15 Watch Tower
15:16 Watch Tower
15:17 Watch Tower
15:18 Watch Tower
16:46 Watch Tower
16:46 Watch Tower
16:47 Watch Tower
18:40 Watch Tower
18:41 Watch Tower
18:41 Watch Tower
18:42 Watch Tower
18:42 Watch Tower
18:43 Watch Tower
18:44 Watch Tower
18:45 Watch Tower
19:18 Arcane Vault
19:19 Arcane Vault
21:09 Great Hall
» items
| Boots of Speed | 2 | |
| Staff of Teleportation | 2 | |
| Healing Salve | 8 | |
| Lesser Clarity Potion | 8 | |
| Orb of Lightning | 2 | |
22 total
Chat log
(00:02 / Allies) Mongolians: hu
(00:04 / Allies) EuroPaeans: orc
(00:07 / Allies) Mongolians: towers
(00:20 / Allies) Mongolians: make warmill now
(00:44 / Allies) Mongolians: lemme know when mill done
(00:47 / Allies) Mongolians: ill wood u for a tower
(01:01 / Allies) EuroPaeans: maybe u shud mana tower my hgole
(01:43 / Allies) EuroPaeans: mill done
(01:47 / Allies) Mongolians: change
(02:20 / Allies) EuroPaeans: dm bh
(03:30 / Allies) Mongolians: orcbase
(04:33 / Allies) Mongolians: jesus
(04:37 / All) Cr4ZY[XGErX: fucker
(04:39 / All) Cr4ZY[XGErX: m,oteh
(04:41 / All) Cr4ZY[XGErX: f
(04:43 / All) Cr4ZY[XGErX: fuck
(04:43 / All) Cr4ZY[XGErX: u
(04:45 / All) Cr4ZY[XGErX: asshole
(04:46 / All) GeRmAn_MaStEr: wtf
(04:54 / All) GeRmAn_MaStEr: fuckeeeeeeeeer
(05:10 / All) Cr4ZY[XGErX: ur mother is damn ugly
(13:12 / All) Mongolians: 1V2 GUYS
(13:14 / All) Mongolians: COIMON NOW
(21:37 / All) Mongolians: 1V2
(21:39 / All) Mongolians: SCUM
(21:41 / All) Mongolians: ROFL
(21:42 / All) Mongolians: U LOST 1V2